 Dungeon Sprint DCSS version 0.24.0-28-g17ded55e90 (webtiles) character file.

Game seed: 17790434168591524078, levelgen mode: deterministic

2318 Nattfarinn the Imperceptible (level 9, -1/48 HPs)
             Began as a Vampire Assassin on Nov 12, 2019.
             Slain by a demonic crawler (8 damage)
             ... in the Dungeon (Sprint I: "Red Sonja").
             The game lasted 00:03:18 (271 turns).

Nattfarinn the Imperceptible (Vampire Assassin)      Turns: 271, Time: 00:03:21

Health: -1/48      AC:  3    Str: 10    XL:     9   Next: 18%
Magic:  9/9        EV: 26    Int: 13    God:
Gold:   283        SH:  0    Dex: 22    Spells: 8/8 levels left

rFire    . . .     SeeInvis +   a - +2 dagger
rCold    + + .     Gourm    .   (no shield)
rNeg     + + +     Faith    .   b - +0 robe
rPois    ∞         Spirit   .   (no helmet)
rElec    .         Reflect  .   c - +0 cloak
rCorr    .         Harm     .   (no gloves)
MR       .....     NoTele   +   (no boots)
Stlth    ++++++++++             (no amulet)
HPRegen  0.00/turn              n - ring of Yhukhupn {rPois Dex+3 Stlth+}
MPRegen  0.11/turn              (no ring)

@: bloodless, regenerating quickly, hasted, very quick
A: no food, fangs 3, see invisible, unbreathing
a: Bat Form, Revivify


You were in the Dungeon.
You were bloodless.

You visited 1 branch You collected 580 gold pieces.
You spent 297 gold pieces at shops.

Inventory:

Hand Weapons
 a - a +2 dagger (weapon)
 o - a +2 dagger of distortion
Missiles
 d - 8 poisoned darts (quivered)
 e - 7 curare-tipped darts
Armour
 b - a +0 robe (worn)
 c - a +0 cloak (worn)
Jewellery
 n - the ring of Yhukhupn (left hand) {rPois Dex+3 Stlth+}
   (You bought it in a shop in the Dungeon)

   [ring of dexterity]

   It affects your dexterity (+3).
   It protects you from poison.
   It makes you more stealthy.
Wands
 l - a wand of flame (14)
Scrolls
 k - a scroll of blinking
 m - a scroll of enchant armour {unknown}
 q - a scroll of identify {unknown}
Potions
 f - a potion of curing
 g - a potion of heal wounds
 i - 2 potions of magic
 j - a potion of berserk rage
 p - a potion of lignification {unknown}
 r - a potion of cancellation {unknown}


   Skills:
 - Level 1.7 Fighting
 - Level 2.1 Short Blades
 - Level 1.5 Throwing
 + Level 14.7 Dodging
 - Level 21.8 Stealth


You had 8 spell levels left.
You didn't know any spells.
Your spell library was empty.

Dungeon Overview and Level Annotations

Branches:
Dungeon (1/1)

Altars:
Cheibriados
Dithmenos
Elyvilon
Fedhas
Gozag
Hepliaklqana
Kikubaaqudgha
Makhleb
Nemelex Xobeh
Okawaru
Qazlal
Ru
Sif Muna
Trog
Uskayaw
Vehumet
Wu Jian
Xom
Yredelemnul
Zin
The Shining One
Jiyva
Lugonu

Shops:
D =[


Innate Abilities, Weirdness & Mutations

You do not eat.
You do not regenerate when monsters are visible.
You are frail without blood (-20% HP).
You can heal yourself when you bite living creatures.
You are immune to poison.
You have razor-sharp teeth.
You have supernaturally acute eyesight. (SInv)
You can survive without breathing.


Message History

The demonic crawler misses you. The demonic crawler hits you.
The demonic crawler misses you.
The demonic crawler hits you but does no damage.
The demonic crawler completely misses you.
The demonic crawler hits you!
There is an open door here.
The demonic crawler completely misses you.
The demonic crawler misses you. x2; The demonic crawler closely misses you.
The demonic crawler completely misses you.
The demonic crawler misses you. The demonic crawler hits you.
The demonic crawler completely misses you. x2
You feel yourself speed up. The demonic crawler closely misses you.
The demonic crawler barely misses you. The demonic crawler closely misses you.
The demonic crawler hits you!
* * * LOW HITPOINT WARNING * * *
The demonic crawler hits you.
* * * LOW HITPOINT WARNING * * *
The demonic crawler hits you!
You die...

###################
..#.)'..#__#..'..)#
..'..#..'..'..#.ss##+#
#+#####'#__####)@s's.#
#...#)#### #####..+
###..##.#§§ +##
__##'#_.+§§
...'..._#§≈§
__##_.#'##+###
__###'#(#.%..###
#####.####'###)##
+...'.....'.∩#


You could see 4 demonic crawlers.

Vanquished Creatures
  Sonja (D)
  A deep troll (D)
  2 kobold demonologists (D)
  A slime creature (D)
  Sigmund (D)
  A yak (D)
  A floating eye (D)
  An ogre (D)
  A jelly (D)
  Ijyb (D)
11 creatures vanquished.

Notes
Turn   | Place    | Note
-------+----------+-------------------------------------------
     0 | D        | Nattfarinn the Vampire Assassin began the quest for the
                  | Orb.
     0 | D        | Reached XP level 1. HP: 16/16 MP: 1/1
     1 | D        | Noticed Ijyb
     4 | D        | Killed Ijyb
     4 | D        | Reached skill level 10 in Stealth
     4 | D        | Reached XP level 2. HP: 22/22 MP: 2/2
    12 | D        | Noticed an ogre
    21 | D        | Killed an ogre
    21 | D        | Reached skill level 14 in Stealth
    21 | D        | Reached XP level 3. HP: 21/21 MP: 3/3
    21 | D        | Reached XP level 4. HP: 26/26 MP: 4/4
    25 | D        | Noticed Sigmund
    28 | D        | Killed Sigmund
    28 | D        | Reached skill level 18 in Stealth
    28 | D        | Reached XP level 5. HP: 30/30 MP: 5/5
    28 | D        | Reached XP level 6. HP: 35/35 MP: 6/6
    41 | D        | Found a shimmering blue altar of Sif Muna.
    42 | D        | Found an ornate altar of the Wu Jian Council.
    43 | D        | Found a radiant altar of Vehumet.
    58 | D        | Found a burning altar of Makhleb.
    58 | D        | Found a viscous altar of Jiyva.
    58 | D        | Found a shimmering altar of Xom.
    58 | D        | Found a corrupted altar of Lugonu.
    58 | D        | Noticed a slime creature
    61 | D        | Killed a slime creature
    61 | D        | Reached skill level 20 in Stealth
   103 | D        | Found Zatzi's Jewellery Emporium.
   103 | D        | Found an ancient bone altar of Kikubaaqudgha.
   103 | D        | Found a hazy altar of Hepliaklqana.
   103 | D        | Found a stormy altar of Qazlal.
   103 | D        | Found a hide-covered altar of Uskayaw.
   103 | D        | Found a blossoming altar of Fedhas.
   103 | D        | Found a bloodstained altar of Trog.
   103 | D        | Found an iron altar of Okawaru.
   103 | D        | Found a basalt altar of Yredelemnul.
   103 | D        | Found a glowing golden altar of the Shining One.
   103 | D        | Found a snail-covered altar of Cheibriados.
   103 | D        | Found a sacrificial altar of Ru.
   103 | D        | Found a glowing silver altar of Zin.
   103 | D        | Found a shadowy altar of Dithmenos.
   103 | D        | Found a white marble altar of Elyvilon.
   103 | D        | Noticed a yak
   104 | D        | Found an opulent altar of Gozag.
   105 | D        | Killed a yak
   105 | D        | Reached skill level 21 in Stealth
   105 | D        | Reached XP level 7. HP: 39/39 MP: 7/7
   106 | D        | Found a sparkling altar of Nemelex Xobeh.
   155 | D        | Bought the ring of Yhukhupn {rPois Dex+3 Stlth+} for 297
                  | gold pieces
   163 | D        | Noticed Sonja
   167 | D        | Killed Sonja
   167 | D        | Reached skill level 10 in Dodging
   167 | D        | Reached XP level 8. HP: 44/44 MP: 8/8
   181 | D        | Noticed a deep troll
   185 | D        | Killed a deep troll
   213 | D        | Found Kalewole's Armour Emporium.
   248 | D        | Noticed a kobold demonologist
   249 | D        | Noticed a kobold demonologist
   251 | D        | Killed a kobold demonologist
   251 | D        | Reached XP level 9. HP: 48/48 MP: 9/9
   253 | D        | Killed a kobold demonologist
   257 | D        | Paralysed by a floating eye for 2 turns
   265 | D        | Noticed a demonic crawler
   265 | D        | Noticed a demonic crawler
   265 | D        | Noticed a demonic crawler
   265 | D        | Noticed a demonic crawler
   271 | D        | Slain by a demonic crawler

Levels and vault maps discovered:
D:        dungeon_sprint_1 [red_sonja_temple_1, red_sonja_temple_small_1]

Skill      XL: |  1  2  3  4  5  6  7  8  9 |
---------------+----------------------------+-----
Stealth        | 10 14 18 21 | 21.8
Dodging        | 10 13 14 | 14.7
Fighting       | |  1.7
Short Blades   | |  2.1
Throwing       | |  1.5

Action                   |  1- 3 |  4- 6 |  7- 9 || total
-------------------------+-------+-------+-------++-------
Melee: Dagger            |    10 |     4 |    10 ||    24
       Bite              |     1 |       |     2 ||     3
 Abil: Exsanguinate      |     1 |       |       ||     1
  Use: Potion            |       |       |     1 ||     1
 Stab: Sleeping          |     1 |     4 |     4 ||     9
Armor: Robe              |       |       |     2 ||     2
Dodge: Dodged            |     5 |       |    22 ||    27
